 Dungeon Crawl Stone Soup version 0.17-a0-1421-g95311d7 (webtiles) character file.

5901 Eglamore the Blocker (level 10, -2/91 HPs)
             Began as a Minotaur Fighter on June 24, 2015.
             Was an Elder of Okawaru.
             Slain by a large abomination (20 damage)
             ... led by an Executioner
             ... on level 1 of the Abyss.
             The game lasted 00:26:37 (8934 turns).

Eglamore the Blocker (Minotaur Fighter)             Turns: 8934, Time: 00:26:38

Health: -2/91      AC: 12    Str: 21    XL:     10   Next: 53%
Magic:  8/8        EV:  7    Int:  7    God:    Okawaru [****..]
Gold:   361        SH: 13    Dex: 13    Spells: 0 memorised, 9 levels left

rFire  x . .     SeeInvis .     t - +1 trident
rCold  + + .     Clarity  +     w - +0 plate armour
rNeg   . . .     SustAt   .     c - +1 shield
rPois  .         Gourm    +     (helmet unavailable)
rElec  .         Spirit   .     E - +0 cloak
rCorr  .         Warding  .     (no gloves)
rMut   .         Stasis   .     p - +0 pair of boots
MR     .....                    h - amulet of the gourmand
Stlth  ..........               x - ring of ice
                                v - ring of protection from cold

@: about to teleport, not resistant to hostile enchantments, extremely
unstealthy
A: retaliatory headbutt, horns 3, breathe flames 1, clarity, clever 1, deformed
body, low mp 1, subdued magic 1, MP-powered wands
a: Heroism, Renounce Religion, Breathe Fire


You were on level 1 of the Abyss.
You worshipped Okawaru.
Okawaru was greatly pleased with you.
You were not hungry.

You visited 1 branch of the dungeon, and saw 10 of its levels.
You visited the Abyss 1 time.
You also visited: Sewer.

You collected 447 gold pieces.
You spent 86 gold pieces at shops.

Inventory:

Hand weapons
 t - a +1 trident (weapon)
Armour
 c - a +1 shield (worn)
 p - a +0 pair of boots (worn)
 w - a +0 plate armour (worn)
 E - a +0 cloak (worn)
Jewellery
 h - an amulet of the gourmand (around neck)
 v - a ring of protection from cold (left hand)
 x - a ring of ice (right hand)
Magical devices
 i - a wand of disintegration (12)
 m - a wand of lightning (7)
 r - a wand of lightning (8)
 D - a wand of lightning (3)
 H - a wand of teleportation (6)
 L - a wand of lightning (9)
 N - a wand of slowing (32)
Scrolls
 a - 2 scrolls of amnesia
 k - a scroll of fear
 q - 2 scrolls of teleportation
 s - 2 scrolls of remove curse
 y - a scroll of fog
 z - a scroll of magic mapping
 A - a scroll of identify
 F - a scroll of enchant armour
Potions
 b - a potion of invisibility
 d - 5 potions of might
 f - 2 potions of heal wounds
 j - 2 potions of agility
 o - 6 potions of flight
 u - a potion of curing
 J - a potion of ambrosia
 M - a potion of cancellation {unknown}
Books
 G - a book of Flames

   Spells                             Type                      Level
   a - Flame Tongue                   Conjuration/Fire             1
   b - Throw Flame                    Conjuration/Fire             2
   c - Conjure Flame                  Conjuration/Fire             3
   d - Inner Flame                    Hexes/Fire                   3
   e - Sticky Flame                   Conjuration/Fire             4
   f - Fireball                       Conjuration/Fire             5
 I - a book of Hinderance

   Spells                             Type                      Level
   a - Confusing Touch                Hexes                        2
   b - Confuse                        Hexes                        3
   c - Gell's Gravitas                Hexes/Translocation          3
   d - Petrify                        Transmutation/Earth          4
   e - Metabolic Englaciation         Hexes/Ice                    5
 K - an Akashic Record

   Spells                             Type                      Level
   a - Dispersal                      Translocation                6
   b - Controlled Blink               Translocation                7
   c - Malign Gateway                 Summoning/Translocation      7
   d - Disjunction                    Translocation                8
Comestibles
 e - 8 bread rations
 g - 4 fruits
 l - a beef jerky
 n - 3 meat rations


   Skills:
 + Level 9.3 Fighting
 + Level 9.5 Polearms
 + Level 9.8 Armour
 - Level 3.1 Dodging
 - Level 1.0 Stealth
 + Level 10.8 Shields
 - Level 0.4 Invocations


You had 9 spell levels left.
You didn't know any spells.

Dungeon Overview and Level Annotations

Branches:
Dungeon (10/15)            Temple (0/1) D:4
   Lair: D:8-11         Orc: D:9-12

Altars:
Cheibriados
Elyvilon
Gozag
Kikubaaqudgha
Nemelex Xobeh
Okawaru
Qazlal
Ru
Sif Muna
Trog
Xom
Zin

Shops:
D:6 ?   D:10 !

Annotations:
D:10 Erolcha


Innate Abilities, Weirdness & Mutations

You reflexively headbutt those who attack you in melee.
You have a pair of large horns on your head.
You can breathe flames.
You possess an exceptional clarity of mind.
Your mind is acute. (Int +2)
Your spells are a little easier to cast, but a little less powerful.
[Armour fits poorly on your strangely shaped body.]
[Your magical capacity is low (-10% MP).]
[You expend magic power (3 MP) to strengthen your wands.]


Message History

The Executioner hits you.
* * * LOW HITPOINT WARNING * * *
The Executioner hits you.
* * * LOW HITPOINT WARNING * * *
A large abomination comes into view.
Drink which item? (? for menu, Esc to quit)
It was a potion of ambrosia.
You feel momentarily confused.
You feel briefly invigorated. The Executioner gestures at you.
You struggle to resist.
You block the Executioner's attack. The Executioner closely misses you.
The Executioner hits you but does no damage.
The Executioner barely misses you. You furiously retaliate!
You headbutt the Executioner, but do no damage.
The Executioner hits you.
* * * LOW HITPOINT WARNING * * *
The Executioner hits you.
* * * LOW HITPOINT WARNING * * *
The large abomination hits you!!
You die...

...# ..... ..
#...###...###..
.....#.....#...
...................
.................... ...
.... ............##.# . .
#.... #.....#...........
##...###@..###...#.#. .
#. ...#X1...#....# ...#.
......................#..
.................#.## .#
.................. ....#
#.....#...).#.........# .
##...###...###...### ###.
#.... #X....#...... #.. .
.... ............# ..#.#


You could see an Executioner and 2 large abominations.

Vanquished Creatures
  The ghost of Phoenix the Basher, an experienced OgBe of Trog (D:6)
  The ghost of jejorda2 the Chiller, an experienced HEIE of Dithmenos (D:7)
  A troll (D:9)
  A two-headed ogre (D:8)
  A deep elf mage (D:9)
  2 hippogriffs (D:8)
  A water moccasin (D:7)
  3 ice beasts
  2 sky beasts
  Purgy (Sewer)
  The ghost of DakoDarkAxe the Skirmisher, an average DsAK of Lugonu (D:4)
  A black bear (D:7)
  A phantom (D:7)
  4 ogres
  2 centaurs
  3 giant frogs
  9 big kobolds
  A brain worm (Abyss:1)
  A water moccasin zombie (D:9)
  4 scorpions
  6 wights
  A jelly (D:7)
  5 crimson imps
  3 iguanas
  3 gnoll shamans
  3 hounds
  3 orc priests
  4 worker ants
  11 orc wizards
  A killer bee zombie (D:8)
  A hound skeleton (D:7)
  A worker ant zombie (D:7)
  18 gnolls
  A river rat (D:3)
  2 shadow imps
  5 adders
  An ooze (D:3)
  2 worms (D:3)
  4 giant geckos
  27 orcs
  4 ball pythons
  9 giant cockroaches
  6 goblins
  12 hobgoblins
  5 jackals
  21 kobolds
  A quokka (D:9)
  16 bats
  A giant gecko zombie (D:3)
  11 giant newts
  A jackal skeleton (D:5)
  18 rats
248 creatures vanquished.

Notes
Turn   | Place    | Note
--------------------------------------------------------------
     0 | D:1      | Eglamore the Minotaur Fighter began the quest for the Orb.
     0 | D:1      | Reached XP level 1. HP: 19/19 MP: 0/0
   299 | D:1      | Reached XP level 2. HP: 27/27 MP: 1/1
   300 | D:1      | Reached skill level 4 in Shields
  1166 | D:2      | Found an iron altar of Okawaru.
  1184 | D:2      | Became a worshipper of Warmaster Okawaru
  1680 | D:2      | Reached XP level 3. HP: 24/33 MP: 2/2
  1886 | D:3      | Found a sacrificial altar of Ru.
  2012 | D:3      | Reached XP level 4. HP: 40/40 MP: 3/3
  2194 | D:3      | Found a glowing drain.
  2202 | Sewer    | Entered a sewer
  2231 | Sewer    | Gained mutation: You are clumsy. (Dex -2) [potion of mutation]
  2231 | Sewer    | Gained mutation: You have a pair of large horns on your head. [potion of mutation]
  2231 | Sewer    | Gained mutation: You can breathe flames. [potion of mutation]
  2364 | Sewer    | Noticed Purgy
  2382 | Sewer    | Killed Purgy
  2382 | Sewer    | Reached skill level 1 in Dodging
  2382 | Sewer    | Reached skill level 5 in Shields
  2382 | Sewer    | Reached XP level 5. HP: 33/47 MP: 4/4
  2496 | D:3      | Found a snail-covered altar of Cheibriados.
  2729 | D:3      | Noticed a moth of wrath
  2732 | D:3      | Found a bloodstained altar of Trog.
  2967 | D:4      | Reached skill level 5 in Armour
  3204 | D:4      | Found a staircase to the Ecumenical Temple.
  3259 | D:4      | Noticed an ogre
  3264 | D:4      | Killed an ogre
  3264 | D:4      | Reached XP level 6. HP: 43/53 MP: 5/5
  3324 | D:4      | Acquired Okawaru's first power
  3475 | D:4      | Found a bloodstained altar of Trog.
  3553 | D:4      | Noticed DakoDarkAxe's ghost (average DsAK)
  3575 | D:4      | Killed DakoDarkAxe's ghost
  3809 | D:4      | Reached XP level 7. HP: 55/60 MP: 6/6
  3814 | D:4      | Reached skill level 6 in Shields
  3874 | D:4      | Found a deep blue altar of Sif Muna.
  4033 | D:5      | Entered Level 5 of the Dungeon
  4079 | D:5      | Reached skill level 5 in Polearms
  4185 | D:5      | Reached skill level 5 in Fighting
  4362 | D:5      | Gained mutation: You possess an exceptional clarity of mind. [mutagenic meat]
  4364 | D:5      | Gained mutation: You have supernaturally acute eyesight. [mutagenic meat]
  4365 | D:5      | Lost mutation: You have supernaturally acute eyesight. [mutagenic meat]
  4366 | D:5      | Gained mutation: Your spells are a little easier to cast, but a little less powerful. [mutagenic meat]
  4461 | D:5      | Reached skill level 1 in Stealth
  4461 | D:5      | Reached skill level 7 in Shields
  4921 | D:5      | Reached XP level 8. HP: 68/68 MP: 7/7
  5193 | D:5      | Found a shimmering altar of Xom.
  5296 | D:5      | Found a white marble altar of Elyvilon.
  5353 | D:6      | Found Ompemnet's Magic Scroll Boutique.
  5366 | D:6      | Bought a scroll of fog for 26 gold pieces
  5366 | D:6      | Bought a scroll of magic mapping for 45 gold pieces
  5385 | D:6      | Found an ancient bone altar of Kikubaaqudgha.
  5455 | D:6      | Noticed Phoenix's ghost (experienced OgBe)
  5467 | D:6      | Killed Phoenix's ghost
  5467 | D:6      | Reached skill level 8 in Shields
  5787 | D:6      | Found an opulent altar of Gozag.
  5788 | D:6      | Found a sparkling altar of Nemelex Xobeh.
  6103 | D:7      | Noticed jejorda2's ghost (experienced HEIE)
  6115 | D:7      | Reached XP level 9. HP: 65/78 MP: 8/8
  6161 | D:7      | Killed jejorda2's ghost
  6161 | D:7      | Reached skill level 9 in Shields
  6304 | D:7      | Found a glowing silver altar of Zin.
  6708 | D:7      | Found a stormy altar of Qazlal.
  7093 | D:8      | Reached skill level 10 in Shields
  7200 | D:8      | Reached XP level 10. HP: 82/88 MP: 9/9
  7318 | D:8      | Received a gift from Okawaru
  7807 | D:9      | Gained mutation: Your mind is acute. (Int +2) [mutagenic meat]
  7809 | D:9      | Lost mutation: You are clumsy. (Dex -2) [mutagenic meat]
  8782 | D:10     | Entered Level 10 of the Dungeon
  8782 | D:10     | Found Wisk's Distillery.
  8788 | D:10     | Bought a potion of poison for 15 gold pieces
  8802 | D:10     | Noticed Erolcha
  8825 | D:10     | Cast into the Abyss (Erolcha)
  8892 | Abyss:1  | Noticed a wretched star
  8901 | Abyss:1  | Noticed a wizard
  8902 | Abyss:1  | Noticed a thrashing horror
  8905 | Abyss:1  | Noticed a profane servitor
  8926 | Abyss:1  | Noticed an Executioner
  8927 | Abyss:1  | Noticed a large abomination
  8934 | Abyss:1  | Slain by a large abomination

Vault maps used:
D:1:      minmay_arrival_hallway, wad_floor_pattern_untrapped
D:2:      first_bread, okawaru_ov_weapons_minmay
D:3:      hangedman_ru_absence, lemuel_crystal_altar, portal_sewer_entry_e,
          tgw_trog
D:4:      lemuel_coloured_pillars_altar, lemuel_crystal_altar,
          hangedman_abyss_or_decor_lesser_grid
D:5:      kennysheep_mini, xom_teletrap_fun, item_on_display_a
D:6:      wad_pebble_path, grunt_temple_overflow_opulence,
          nicolae_overflow_hidden_temple, serial_shops, shop, solitary_fountain
D:7:      nicolae_qazlal_eye_of_the_storm, kennysheep_mini_moat
D:8:      special_room
D:10:     erik_lair_island, david_orc_5, serial_shops, shop, nicolae_shop_trees,
          shop, shop, shop, uniq_erolcha, uniq_psyche
Sewer:    kennysheep_door_sewer

Action                   |  1- 3 |  4- 6 |  7- 9 | 10-12 || total
-------------------------+-------+-------+-------+-------++-------
Melee: Trident           |   106 |   187 |   560 |   201 ||  1054
Invok: Heroism           |       |       |     2 |     1 ||     3
  Use: Scroll            |       |    10 |       |     8 ||    18
       Potion            |       |     1 |       |     4 ||     5
  Eat: Chunk             |     2 |     5 |    19 |    11 ||    37
       Pizza             |     1 |       |       |       ||     1
       Meat ration       |       |       |       |     1 ||     1
